[Event "Early-Titled-Tuesday-Blitz-April-16-2024"]
[Site "Chess.com"]
[Date "2024.04.16"]
[Round "6"]
[White "Kostukov_Alex"]
[Black "AndrewB92"]
[Result "0-1"]
[WhiteElo "2281"]
[BlackElo "2464"]
[TimeControl "180+1"]
[EndTime "9:07:36 PDT"]
[Termination "AndrewB92 won by checkmate"]

1. g3 d5 2. Bg2 Nf6 3. d3 e5 4. e4 Nc6 5. exd5 Nxd5 6. Nc3 Nxc3 7. bxc3 Bd6 8. Ne2 O-O 9. O-O Be6 10. a4 Qd7 11. c4 Bh3 12. Nc3 Nd4 13. Be3 c6 14. Bxd4 exd4 15. Ne4 Bxg2 16. Kxg2 Bb4 17. Rb1 a5 18. Qh5 f5 19. Ng5 h6 20. Nh3 Qf7 21. Qf3 g5 22. Qd1 Rae8 23. f4 g4 24.
Nf2 Re3 25. h3 h5 26. hxg4 hxg4 27. Rh1 Rfe8 28. Qg1 Rf3 29. Qh2 Qg7 30. Qh5 Re2 31.
Rhf1 Qh7 32. Qg5+ Kf7 33. c3 Qh3+ 34. Kg1 Rxg3# 0-1

[Event "Early-Titled-Tuesday-Blitz-April-16-2024"]
[Site "Chess.com"]
[Date "2024.04.16"]
[Round "6"]
[White "azikom"]
[Black "Orphanator2009"]
[Result "1-0"]
[WhiteElo "2703"]
[BlackElo "2521"]
[TimeControl "180+1"]
[EndTime "9:07:37 PDT"]
[Termination "azikom won by resignation"]

1. c4 Nf6 2. Nc3 e6 3. e4 d5 4. e5 d4 5. exf6 dxc3 6. bxc3 Qxf6 7. Nf3 b6 8. d4 Bb7 9. Be2 h6 10. O-O Bd6 11. a4 O-O 12. a5 Nd7 13. Rb1 Be4 14. Rb2 e5 15. Be3 Rfe8 16. h3 Rad8 17. Qa4 exd4 18. cxd4 Bc6 19. Qa2 Qg6 20. Rc1 Qf6 21.
c5 Bf4 22. cxb6 Bxe3 23. fxe3 cxb6 24. Rc3 Qd6 25. Qa3 Qxa3 26. Rxa3 Re7 27. Kf2 Rde8 28.
axb6 axb6 29. Bb5 Bxb5 30. Rxb5 Nf6 31. Ne5 Ne4+ 32. Kf3 Nd6 33. Rxb6 Rxe5 34. Rxd6 Rf5+ 35. Ke2 Rg5 36. g4 h5 37. Kf3 hxg4+ 38. hxg4 Rb5 39. Rda6 Rb7 40. Ra8 Kf8 41. Rxe8+ Kxe8 42. g5 Ke7 43. Ra6 g6 44. Kf4 Rb5 45. e4 Rb7 46. d5 Rd7 47. Ke5 Rb7 48. Rc6 Ra7 49. Rc7+ 1-0

[Event "Early-Titled-Tuesday-Blitz-April-16-2024"]
[Site "Chess.com"]
[Date "2024.04.16"]
[Round "6"]
[White "h4parah5"]
[Black "Kiborg95"]
[Result "1-0"]
[WhiteElo "3008"]
[BlackElo "2860"]
[TimeControl "180+1"]
[EndTime "9:07:38 PDT"]
[Termination "h4parah5 won by resignation"]

1. d4 d6 2. Nf3 Nf6 3. c4 Nbd7 4. Nc3 e5 5. e4 g6 6. Be2 Bg7 7. O-O O-O 8. Re1 Re8 9. Bf1 a5 10. Rb1 b6 11. h3 exd4 12. Nxd4 Bb7 13. f3 d5 14.
cxd5 Nxd5 15. Nxd5 Bxd5 16. b3 Nc5 17. Bb2 Bb7 18. Qd2 Qh4 19. Qf2 Qxf2+ 20. Kxf2 Rad8 21.
Red1 Rd6 22. Ba1 Red8 23. Ke3 Bh6+ 24. Ke2 Ba6+ 25. Kf2 Bxf1 26. Rxf1 Rxd4 27. Bxd4 Rxd4 28. Rfd1 Rxd1 29. Rxd1 Bg5 30. Rd5 Be7 31. Ke3 Kf8 32. f4 Ke8 33. e5 Ne6 34. Ke4 c6 35. Rd1 Nc5+ 36. Ke3 Na6 37. Ke4 Nb4 38. a4 Nd5 39. Rc1 Kd7 40. Rc2 f5+ 41. exf6 Nxf6+ 42. Kf3 Nd5 43.
Ke4 Bd6 44. g3 Ne7 45. Rd2 Ke6 46. Rc2 b5 47. g4 bxa4 48. bxa4 c5 49. Rb2 Nd5 50. f5+ 1-0

[Event "Early-Titled-Tuesday-Blitz-April-16-2024"]
[Site "Chess.com"]
[Date "2024.04.16"]
[Round "6"]
[White "Eloist"]
[Black "BenchGM"]
[Result "1-0"]
[WhiteElo "2492"]
[BlackElo "2316"]
[TimeControl "180+1"]
[EndTime "9:07:38 PDT"]
[Termination "Eloist won on time"]

1. e4 c5 2. Nf3 e6 3. d4 cxd4 4. Nxd4 Nc6 5. Nc3 Qc7 6. Be3 a6 7. Bd3 Nf6 8. O-O Be7 9. Kh1 O-O 10. f4 d6 11. a4 Nb4 12. a5 Bd7 13. Qe2 Rac8 14. Nf3 d5 15. Bb6 Qc6 16. e5 Nxd3 17.
cxd3 Ne8 18. Nd4 Qxc3 19. bxc3 Rxc3 20. Rfc1 Bb4 21. Qb2 Rxc1+ 22. Rxc1 Be7 23. Bc5 Bxc5 24. Rxc5 g6 25. Qxb7 Ba4 26. Rc8 Kg7 27. f5 gxf5 28. Nxe6+ 1-0

[Event "Early-Titled-Tuesday-Blitz-April-16-2024"]
[Site "Chess.com"]
[Date "2024.04.16"]
[Round "6"]
[White "NMChessToImpress"]
[Black "Tsyhanchuk_Stanislav"]
[Result "1-0"]
[WhiteElo "2254"]
[BlackElo "2396"]
[TimeControl "180+1"]
[EndTime "9:07:38 PDT"]
[Termination "NMChessToImpress won by resignation"]

1. e4 e5 2. Nf3 Nc6 3. Bb5 a6 4. Ba4 d6 5. c3 b5 6. Bc2 Nf6 7. O-O Bg4 8. d3 Be7 9. Nbd2 d5 10. h3 Bh5 11. Re1 d4 12. Nf1 O-O 13. Ng3 Bxf3 14. Qxf3 Nd7 15. Nf5 Nc5 16. Qg3 g6 17. cxd4 Nxd4 18.
Nxd4 Qxd4 19. Be3 Qxb2 20. Rac1 Rfd8 21. Bb1 Nxd3 22. Bxd3 Rxd3 23. Rxc7 Bb4 24. Qf3 Rf8 25.
Qf6 Rxe3 26. Rxe3 Qc1+ 27. Rxc1 1-0

[Event "Early-Titled-Tuesday-Blitz-April-16-2024"]
[Site "Chess.com"]
[Date "2024.04.16"]
[Round "6"]
[White "dropstoneDP"]
[Black "scarabee43"]
[Result "1-0"]
[WhiteElo "3065"]
[BlackElo "2829"]
[TimeControl "180+1"]
[EndTime "9:07:41 PDT"]
[Termination "dropstoneDP won by resignation"]

1. e4 c5 2. Nf3 e6 3. d4 cxd4 4.
Nxd4 Nc6 5. Nc3 Qc7 6. Be3 a6 7. Nxc6 Qxc6 8. Bd3 b5 9. a4 b4 10. Ne2 Bb7 11. O-O Nf6 12. f3 Bc5 13. Qd2 O-O 14. a5 e5 15. Bxc5 Qxc5+ 16. Kh1 d5 17. Ng3 Rfd8 18. Qg5 h6 19. Qxe5 Re8 20. Qf4 dxe4 21. fxe4 Qe5 22. Qxe5 Rxe5 23. Ra4 Nxe4 24. Rxb4 Nxg3+ 25. hxg3 Ra7 26. Rf5 Re3 27. Rc5 g6 28. Kh2 Re7 29.
Rb6 Kg7 30. b4 Be4 31. Rxa6 Rad7 32. Rc3 Rd4 33. Rb6 Bxd3 34. Rxd3 Rc4 35. Rd2 Rc3 36. a6 Ra3 37. b5 Re5 38. g4 Re4 39. Rb7 Rxg4 40.
Rf2 Rh4+ 41. Kg1 h5 42. Rbxf7+ Kh6 43. R7f3 Ra5 44. Rb3 Rc4 45. g3 Rc5 46. b6 Rxa6 47.
b7 1-0

[Event "Early-Titled-Tuesday-Blitz-April-16-2024"]
[Site "Chess.com"]
[Date "2024.04.16"]
[Round "6"]
[White "PawnEatingZombie"]
[Black "WiktoriaPOL"]
[Result "1/2-1/2"]
[WhiteElo "2249"]
[BlackElo "2389"]
[TimeControl "180+1"]
[EndTime "9:07:41 PDT"]
[Termination "Game drawn by repetition"]

1. e4 c5 2. c3 Nf6 3. e5 Nd5 4. Nf3 Nc6 5. Bc4 e6 6. d4 cxd4 7. cxd4 d6 8. O-O Be7 9. Qe2 O-O 10. Rd1 a6 11. Nc3 Ncb4 12. Nxd5 Nxd5 13. Bd3 Re8 14. Qe4 g6 15. h4 h5 16. Bg5 b5 17. Bxe7 Qxe7 18. exd6 Qxd6 19. Ne5 Bb7 20. Nxg6 Nc3 21. Qe3 Nxd1 22. Qh6 Qxd4 23. Ne7+ Rxe7 24. Bh7+ Kh8 25. Bg6+ Kg8 26. Bh7+ Kh8 27. Bg6+ Kg8 28. Bh7+ 1/2-1/2

[Event "Early-Titled-Tuesday-Blitz-April-16-2024"]
[Site "Chess.com"]
[Date "2024.04.16"]
[Round "6"]
[White "Chesstiger64"]
[Black "IshviAggarwal"]
[Result "1-0"]
[WhiteElo "2379"]
[BlackElo "2131"]
[TimeControl "180+1"]
[EndTime "9:07:41 PDT"]
[Termination "Chesstiger64 won by resignation"]

1. Nf3 Nf6 2. g3 g6 3. Bg2 Bg7 4. O-O O-O 5. c4 c6 6. b3 d5 7.
Bb2 b6 8. d3 Bb7 9. Nbd2 c5 10.
cxd5 Nxd5 11. Bxg7 Kxg7 12. Qc2 Nc6 13. Qb2+ f6 14.
d4 cxd4 15. Nxd4 Nxd4 16. Qxd4 e5 17. Qb2 Qe7 18. Rfd1 Rac8 19. Nc4 Rfd8 20. Rd2 b5 21. Na5 Ba8 22. Rad1 Qc7 23. b4 Nb6 24. Bxa8 Rxa8 25. Rc1 Qe7 26. Nc6 Rxd2 27. Qxd2 Qe6 28. Rc5 Rc8 29.
Nd8 Qh3 30. Qd6 Rxc5 31. bxc5 Nc8 32. Ne6+ Kh6 33. Qf8+ Kh5 34. Qxc8 Qf5 35. Ng7+ 1-0

[Event "Early-Titled-Tuesday-Blitz-April-16-2024"]
[Site "Chess.com"]
[Date "2024.04.16"]
[Round "6"]
[White "Khromkin"]
[Black "PolandHussars"]
[Result "1/2-1/2"]
[WhiteElo "2383"]
[BlackElo "2599"]
[TimeControl "180+1"]
[EndTime "9:07:43 PDT"]
[Termination "Game drawn by repetition"]

1. d4 Nf6 2. c4 c5 3. Nf3 cxd4 4.
Nxd4 e5 5. Nb5 d5 6. cxd5 Bc5 7. N5c3 O-O 8. g3 e4 9. Bg2 Bf5 10. O-O Re8 11. Nd2 a6 12. a4 Nbd7 13. Nc4 Rc8 14. Be3 Bb4 15. Qb3 a5 16. Rfd1 Nc5 17. Bxc5 Bxc5 18.
e3 Ng4 19. h3 Nh6 20. d6 Bb4 21.
Nb5 Rc6 22. Nd4 Rc5 23. Nxf5 Nxf5 24. Rac1 Qg5 25. d7 Rd8 26. Nb6 h5 27. Rxc5 Bxc5 28. Nd5 h4 29. g4 Nd6 30. Nc3 Qe5 31. Rd5 Qe6 32. Qd1 b6 33. Nb5 Rxd7 34. Nxd6 Bxd6 35. Bxe4 Qxe4 36. Rxd6 Rxd6 37. Qxd6 Qb1+ 38. Kg2 Qxb2 39. Qd8+ Kh7 40. Qxh4+ Kg8 41. Qd8+ Kh7 42. Qh4+ Kg8 43. Qd8+ Kh7 44. Qh4+ 1/2-1/2

[Event "Early-Titled-Tuesday-Blitz-April-16-2024"]
[Site "Chess.com"]
[Date "2024.04.16"]
[Round "6"]
[White "dvglko"]
[Black "FoggyMorning"]
[Result "1-0"]
[WhiteElo "2485"]
[BlackElo "2603"]
[TimeControl "180+1"]
[EndTime "9:07:43 PDT"]
[Termination "dvglko won by checkmate"]

1. e4 e6 2. d4 d5 3. e5 c5 4. c3 Qb6 5. Nf3 Nc6 6. Bd3 cxd4 7. cxd4 Bd7 8. O-O Nxd4 9. Nxd4 Qxd4 10. Nc3 a6 11. Re1 Qa7 12. Kh1 Bc5 13. Qg4 g6 14. f4 Ne7 15. Qg5 O-O 16. f5 exf5 17. a3 Rae8 18. b4 Bd4 19. Be3 Bxe3 20. Rxe3 f4 21.
Qxf4 d4 22. Ne4 Nd5 23. Qh6 f6 24. Rg3 Bf5 25. Nxf6+ Rxf6 26. exf6 Bxd3 27. Qg7# 1-0

[Event "Early-Titled-Tuesday-Blitz-April-16-2024"]
[Site "Chess.com"]
[Date "2024.04.16"]
[Round "6"]
[White "lcmil"]
[Black "teresin05"]
[Result "1-0"]
[WhiteElo "2506"]
[BlackElo "2324"]
[TimeControl "180+1"]
[EndTime "9:07:45 PDT"]
[Termination "lcmil won by checkmate"]

1. e4 c5 2. Nf3 Nc6 3. d4 cxd4 4. Nxd4 Nf6 5. Nc3 d6 6. Bc4 e6 7. Be3 Be7 8. Qe2 O-O 9. O-O-O a6 10. f4 Qc7 11. g4 b5 12. Bd3 Nd7 13. f5 Nxd4 14. Bxd4 b4 15. Nb1 Nc5 16. h4 Bb7 17. Nd2 e5 18. Be3 d5 19. exd5 Bxd5 20. Rh3 Bxa2 21. g5 Rfd8 22. Bxc5 Bxc5 23. f6 g6 24. h5 Be6 25.
hxg6 Bxh3 26. g7 Bd4 27. Bxh7+ Kxh7 28. Qh5+ Kg8 29. Qh8# 1-0

[Event "Early-Titled-Tuesday-Blitz-April-16-2024"]
[Site "Chess.com"]
[Date "2024.04.16"]
[Round "6"]
[White "koncheto"]
[Black "ulises2013"]
[Result "0-1"]
[WhiteElo "2552"]
[BlackElo "2712"]
[TimeControl "180+1"]
[EndTime "9:07:46 PDT"]
[Termination "ulises2013 won on time"]

1. e4 g6 2. d4 Bg7 3. c3 d5 4. Bd3 c5 5. dxc5 Nf6 6. Nd2 O-O 7. Ngf3 Nbd7 8. exd5 Nxd5 9. O-O Nxc5 10. Bc2 b6 11. Ne4 Ne6 12. Nfg5 h6 13. Nxe6 Bxe6 14. Qf3 Qc7 15.
Bb3 Rfd8 16. Bd2 Rac8 17. Rad1 b5 18. h4 Rd7 19. Rfe1 Rcd8 20. h5 g5 21. Bc1 a5 22.
Ng3 a4 23. Bc2 Nf6 24. Rxd7 Rxd7 25. Ne4 Nd5 26. Ng3 Qb7 27. Be4 Qc8 28. Nf5 Nf6 29. Nxg7 Kxg7 30. Bc2 Bg4 31. Qe3 Bxh5 32. Qe5 Qc6 33. Qg3 Bg6 34. Bd1 Qd6 0-1

[Event "Early-Titled-Tuesday-Blitz-April-16-2024"]
[Site "Chess.com"]
[Date "2024.04.16"]
[Round "6"]
[White "Nitzan_Steinberg"]
[Black "Salem-AR"]
[Result "0-1"]
[WhiteElo "2897"]
[BlackElo "3032"]
[TimeControl "180+1"]
[EndTime "9:07:47 PDT"]
[Termination "Salem-AR won on time"]

1. e4 c5 2. Nf3 d6 3. d4 cxd4 4. Nxd4 Nf6 5. Nc3 a6 6. h4 h6 7.
Be2 e6 8. Be3 b5 9. Bf3 b4 10.
Na4 Bd7 11. b3 Nc6 12. Nxc6 Bxc6 13. e5 Bxf3 14. Qxf3 Nd5 15. O-O-O Rc8 16. Bd4 Qc7 17. Qe2 dxe5 18. Bxe5 Qc6 19. Rhe1 Be7 20. Rxd5 Qxd5 21. Nb6 Qc6 22. Nxc8 Qxc8 23. Bxg7 Rg8 24. Bxh6 Qc3 25.
Qe5 Rxg2 26. h5 Rxf2 27. Qxc3 bxc3 28. Bg7 f6 29. a4 Kf7 30. h6 Rh2 31. Kb1 e5 32.
Rd1 e4 33. Rf1 Ke6 0-1

[Event "Early-Titled-Tuesday-Blitz-April-16-2024"]
[Site "Chess.com"]
[Date "2024.04.16"]
[Round "6"]
[White "KuzubovYuriy"]
[Black "Revan_2002"]
[Result "1-0"]
[WhiteElo "2922"]
[BlackElo "2722"]
[TimeControl "180+1"]
[EndTime "9:07:47 PDT"]
[Termination "KuzubovYuriy won on time"]

1. d4 Nf6 2. c4 g6 3. Nc3 Bg7 4. e4 d6 5. Nge2 O-O 6. Ng3 c5 7. d5 e6 8. Bd3 exd5 9. cxd5 Re8 10.
O-O a6 11. a4 Nbd7 12. Bf4 Ne5 13. Be2 h5 14. Bg5 Qb6 15. Qc1 Nh7 16. a5 Qc7 17. Bh6 h4 18. Nh1 f5 19. Ra3 Qf7 20.
Bxg7 Kxg7 21. f4 Nd7 22. Nf2 Ndf6 23. Bf3 Bd7 24. Re1 Ng4 25. e5 dxe5 26. Bxg4 fxg4 27. fxe5 g3 28. hxg3 hxg3 29. Nh1 Qf5 30. Nxg3 Qg4 31. Nce4 Rxe5 32. Qc3 Re8 33. Nxc5 Qxg3 34. Qxg3 Rxe1+ 35. Kh2 Nf6 36. Qc3 R8e3 37. Qd4 Bf5 38. Rxe3 Rxe3 39.
d6 Kf7 40. d7 1-0

[Event "Early-Titled-Tuesday-Blitz-April-16-2024"]
[Site "Chess.com"]
[Date "2024.04.16"]
[Round "6"]
[White "Mazarini41"]
[Black "lluiss"]
[Result "1-0"]
[WhiteElo "2343"]
[BlackElo "2087"]
[TimeControl "180+1"]
[EndTime "9:07:47 PDT"]
[Termination "Mazarini41 won on time"]

1. e4 c5 2. Nf3 d6 3. d4 cxd4 4. Nxd4 Nf6 5. Nc3 g6 6. Be3 Bg7 7. f3 O-O 8. Qd2 Nc6 9. g4 Nxd4 10. Bxd4 Be6 11. h4 Qa5 12. h5 Rfc8 13. O-O-O Rxc3 14. Qxc3 Qxa2 15. b3 Rc8 16. Qb2 Bh6+ 17. Rd2 Qa5 18. c4 Bxg4 19. hxg6 Nxe4 20. fxe4 Bxd2+ 21. Qxd2 Qxd2+ 22. Kxd2 1-0

[Event "Early-Titled-Tuesday-Blitz-April-16-2024"]
[Site "Chess.com"]
[Date "2024.04.16"]
[Round "6"]
[White "IsaqueGoncalvesSanto"]
[Black "NewYearGirl"]
[Result "0-1"]
[WhiteElo "1863"]
[BlackElo "2369"]
[TimeControl "180+1"]
[EndTime "9:07:48 PDT"]
[Termination "NewYearGirl won on time"]

1. d4 Nf6 2. c4 c5 3. d5 b5 4. cxb5 a6 5. bxa6 e6 6. Nc3 Bxa6 7. dxe6 fxe6 8. g3 Bb7 9. Nf3 d5 10. Bg2 Be7 11. b3 O-O 12. O-O Nc6 13. Bh3 Bc8 14.
Bb2 d4 15. Na4 e5 16. Bxc8 Rxc8 17. Rc1 Nb4 18. a3 Nbd5 19. Nxe5 Ne4 20. Qd3 Ng5 21. Qc4 Kh8 22. h4 Ne4 23. Qd3 Ndf6 24. h5 Qd5 25. Nc4 Qxh5 26. Kg2 Ng4 27. Rh1 Rxf2+ 28. Kg1 Rh2 29.
Qxe4 Rxh1+ 30. Qxh1 Qg5 31. Bxd4 Qxc1+ 32. Kg2 Qxh1+ 33.
Kxh1 cxd4 34. Nab6 Rb8 35. Kg2 Ne3+ 36. Nxe3 dxe3 37. Nd5 Bxa3 38. Nxe3 Rxb3 39. Nf5 g6 40. Nd4 Rb2 41. Kf3 Bd6 0-1

[Event "Early-Titled-Tuesday-Blitz-April-16-2024"]
[Site "Chess.com"]
[Date "2024.04.16"]
[Round "6"]
[White "HajiyevKanan"]
[Black "Eliwood44"]
[Result "1-0"]
[WhiteElo "2628"]
[BlackElo "2488"]
[TimeControl "180+1"]
[EndTime "9:07:49 PDT"]
[Termination "HajiyevKanan won by checkmate"]

1. d4 Nf6 2. Nf3 e6 3. c4 d5 4. cxd5 exd5 5. Nc3 c6 6. Qc2 Na6 7. Bg5 Nb4 8. Qb3 Bf5 9. Rc1 h6 10. Bxf6 Qxf6 11. a3 Na6 12. Qxb7 Rb8 13. Qxa6 Rxb2 14. e3 Be7 15. Be2 O-O 16. O-O Bd6 17. h3 Bxh3 18.
gxh3 Qf5 19. Kg2 Qg6+ 20. Kh1 Qf5 21. Ng1 Re8 22. Qxc6 Re6 23. Qxd5 Qg6 24. Qh5 Qf6 25. Nd5 Qd8 26. Bf3 Rg6 27. Bg2 Rg5 28. Qf3 Kh7 29. Qe4+ g6 30. Qf3 Rf5 31. Qe4 Rg5 32. Rb1 Ra2 33.
Rb7 Kg7 34. Nf4 Bb8 35. Ne6+ Kf6 36. Nxd8 Rxg2 37. Rxf7+ Kg5 38. Nf3+ Kh5 39. Qh4# 1-0

[Event "Early-Titled-Tuesday-Blitz-April-16-2024"]
[Site "Chess.com"]
[Date "2024.04.16"]
[Round "6"]
[White "MokshAD1603"]
[Black "Veleamater"]
[Result "1-0"]
[WhiteElo "2616"]
[BlackElo "2412"]
[TimeControl "180+1"]
[EndTime "9:07:50 PDT"]
[Termination "MokshAD1603 won by resignation"]

1. Nf3 d6 2. d4 g6 3. e4 Bg7 4.
Nc3 Nf6 5. Be2 O-O 6. O-O Nc6 7. Be3 h6 8. h3 e5 9. Qd2 Kh7 10. Rad1 Nd7 11. dxe5 dxe5 12. Bc4 a6 13. Bd5 Ne7 14. Bxb7 Bxb7 15. Qxd7 Nc6 16. Bc5 Nd4 17. Nxe5 Bxe5 18. Qa4 Nf3+ 19. Kh1 Qh4 20. Bxf8 Rxf8 21. Rd3 Ng5 22.
Qb4 Bxc3 23. Qxf8 Bg7 24. Qe7 Bxe4 25. Rg3 Qh5 26. Rxg5 hxg5 27. Qxe4 Bxb2 28. Qf3 Qxf3 29. gxf3 Bd4 30. Rd1 Bxf2 31. Rd7 Bg3 32. Rxf7+ Kg8 33. Rf6 a5 34. Rxg6+ Kf7 35. Rxg5 1-0

[Event "Early-Titled-Tuesday-Blitz-April-16-2024"]
[Site "Chess.com"]
[Date "2024.04.16"]
[Round "6"]
[White "Sasha_Solovev_777"]
[Black "dianamirza"]
[Result "1-0"]
[WhiteElo "2191"]
[BlackElo "1945"]
[TimeControl "180+1"]
[EndTime "9:07:50 PDT"]
[Termination "Sasha_Solovev_777 won by resignation"]

1. e4 d5 2. exd5 Qxd5 3. Nc3 Qd8 4. d4 g6 5. g3 Bg7 6. Nge2 Nf6 7. Bg2 O-O 8. O-O c6 9. a4 Nbd7 10. h3 Nb6 11. a5 Nbd5 12. Nxd5 Nxd5 13. c3 Bf5 14. Nf4 Nxf4 15. Bxf4 Qd7 16. Kh2 Rad8 17. a6 bxa6 18. Rxa6 Qb7 19. Rxc6 Qxb2 20. Qc1 Qxc1 21. Rxc1 Rc8 22.
Ra1 Rxc6 23. Bxc6 Rc8 24. d5 e6 25. Rxa7 exd5 26. Bxd5 Bxc3 27. Rxf7 Kh8 28. g4 Bd3 29. Kg3 Rd8 30. Bb3 Bb5 31. Bc2 Ba1 32. f3 Bc4 33. Rc7 Bf7 34. Rxf7 1-0

[Event "Early-Titled-Tuesday-Blitz-April-16-2024"]
[Site "Chess.com"]
[Date "2024.04.16"]
[Round "6"]
[White "Laico"]
[Black "LegenDaDaDa"]
[Result "0-1"]
[WhiteElo "2407"]
[BlackElo "2292"]
[TimeControl "180+1"]
[EndTime "9:07:51 PDT"]
[Termination "LegenDaDaDa won by resignation"]

1. e4 e5 2. Nc3 Nf6 3. f4 d5 4. fxe5 Nxe4 5. Qf3 Nc6 6. Bb5 Nxc3 7. Bxc6+ bxc6 8.
dxc3 Qh4+ 9. g3 Qa4 10. Ne2 Qxc2 11. O-O Bc5+ 12. Be3 Bxe3+ 13. Qxe3 O-O 14. Nd4 Qg6 15. Rf4 c5 16. Nb5 Qb6 17. c4 d4 18. Qb3 Bb7 19. Raf1 Qc6 20. Kf2 a6 21. Na3 Rae8 22. Rg1 Rxe5 23.
Qd3 Re3 24. Qf5 Qe6 25. Qxe6 Rxe6 26. Rd1 Rfe8 27. Rd2 f6 28. Nc2 g5 29. Rf5 Rc6 30. b3 Kg7 31. Ne1 Kg6 32. Rd5 Rce6 33. Nd3 Bxd5 34. cxd5 Rd6 35. Nxc5 Rxd5 36. Nxa6 c5 37. Nc7 Rde5 38. Nxe8 Rxe8 39. Rc2 Ra8 40. Ke2 Ra5 41. Kd3 Kf5 42. Kc4 Ke5 43. Re2+ Kd6 44. Rf2 Ke6 45. Re2+ Kf5 46. Rf2+ Ke5 47. Re2+ Kd6 48. Rf2 Ke7 49. Re2+ Kf7 50. a4 f5 51. Re5 Kf6 52. Rd5 Ke6 53. Rd8 f4 54. gxf4 gxf4 55. Rf8 Ke5 56. Rf7 h5 57.
Rh7 f3 58. Rxh5+ Ke4 59. Rh8 Ra7 60. Re8+ Kf4 61. Rf8+ Ke3 62. Kxc5 f2 63. Kb6 Re7 64. a5 d3 65. a6 d2 66. a7 Rxa7 67. Kxa7 d1=Q 68.
b4 Qa4+ 0-1

[Event "Early-Titled-Tuesday-Blitz-April-16-2024"]
[Site "Chess.com"]
[Date "2024.04.16"]
[Round "6"]
[White "dealshark"]
[Black "osielchesslover2011"]
[Result "0-1"]
[WhiteElo "2327"]
[BlackElo "2096"]
[TimeControl "180+1"]
[EndTime "9:07:54 PDT"]
[Termination "osielchesslover2011 won by checkmate"]

1. e4 c5 2. Nf3 d6 3. d4 cxd4 4. Nxd4 Nf6 5. Nc3 a6 6. Be3 e6 7.
f3 b5 8. Qd2 b4 9. Nce2 e5 10.
Nb3 d5 11. exd5 Qxd5 12. O-O-O Be6 13. Ng3 Nbd7 14. Bd3 a5 15. Ne4 a4 16. Nxf6+ Nxf6 17. Be4 Nxe4 18. fxe4 axb3 19. exd5 bxa2 20. Qd3 a1=Q+ 21.
Kd2 Qxb2 22. Qb5+ Bd7 23. Qb7 Rc8 24. Ke2 Qxc2+ 25. Rd2 Bg4+ 26. Kf2 Qf5+ 27. Kg3 Bd6 28. Qb5+ Kf8 29. h4 e4+ 30. Bf4 Qxf4# 0-1

[Event "Early-Titled-Tuesday-Blitz-April-16-2024"]
[Site "Chess.com"]
[Date "2024.04.16"]
[Round "6"]
[White "maracayo"]
[Black "AlphaGoosee"]
[Result "1/2-1/2"]
[WhiteElo "2374"]
[BlackElo "2569"]
[TimeControl "180+1"]
[EndTime "9:07:55 PDT"]
[Termination "Game drawn by agreement"]

1. e4 c5 2. Nf3 d6 3. d3 Nc6 4. Be2 g6 5. O-O Bg7 6. c3 e5 7.
h3 Nge7 8. Nbd2 O-O 9. Re1 h6 10.
Bf1 Kh7 11. a3 b6 12. b4 Bb7 13. Bb2 f5 14. b5 Nb8 15. d4 fxe4 16. Nxe4 d5 17.
Neg5+ hxg5 18. Nxg5+ Kg8 19. Ne6 Qc8 20. Nxf8 Qxf8 21.
dxe5 Nd7 22. Qg4 Qf5 23. Rad1 Re8 24. f4 Nf8 25. Qxf5 gxf5 26. g3 Ne6 27. Bg2 Kf7 28.
c4 Rd8 29. Kf2 Rd7 30. a4 d4 31. Bxb7 Rxb7 32. a5 bxa5 33. Ra1 Nc8 34. Rxa5 Bf8 35. Kf3 Be7 36. g4 fxg4+ 37. hxg4 Nb6 38. Rc1 Rb8 39.
g5 Nxg5+ 40. fxg5 Bxg5 41. Rxa7+ Kg6 42. Rg1 Rf8+ 43. Ke2 Nxc4 44. Bc1 Ne3 45. Bxe3 dxe3 46. Rc7 Rf2+ 47. Ke1 Rc2 48. Rxg5+ Kxg5 49. Rf7 Kg6 50.
Rf3 Rb2 51. e6 1/2-1/2

[Event "Early-Titled-Tuesday-Blitz-April-16-2024"]
[Site "Chess.com"]
[Date "2024.04.16"]
[Round "6"]
[White "Knightmare1014"]
[Black "Jojo_898"]
[Result "1-0"]
[WhiteElo "2316"]
[BlackElo "2452"]
[TimeControl "180+1"]
[EndTime "9:07:55 PDT"]
[Termination "Knightmare1014 won by resignation"]

1. e4 d6 2. d4 Nf6 3. Nc3 g6 4. Nf3 c6 5. a4 Bg7 6. Bc4 O-O 7.
Bb3 Nbd7 8. O-O e5 9. Re1 Qe7 10. h3 Nb6 11. Be3 Be6 12. d5 cxd5 13. exd5 Bd7 14. Bg5 h6 15. Bxf6 Qxf6 16. Ne4 Qe7 17. Qd2 f5 18. Nc3 Rac8 19. Nd4 a6 20. Ne6 Bxe6 21.
dxe6 Nc4 22. Bxc4 Rxc4 23. Rad1 Rd8 24. Qd5 Rc5 25. Qb3 Kh7 26. Nd5 Qxe6 27. Qxb7 Rxc2 28. Ne3 Rc5 29. Qxa6 f4 30. Nf1 Rc2 31. b4 Qa2 32. Qb6 Rd7 33. a5 d5 34. Nh2 e4 35. Rf1 e3 36. Rc1 exf2+ 37. Kh1 d4 38. Rxc2 Qxc2 39. Qb5 d3 40. Qxd7 Qe2 41. a6 f3 42.
gxf3 1-0

[Event "Early-Titled-Tuesday-Blitz-April-16-2024"]
[Site "Chess.com"]
[Date "2024.04.16"]
[Round "6"]
[White "flawian2008"]
[Black "MdChess1734"]
[Result "1-0"]
[WhiteElo "2553"]
[BlackElo "2361"]
[TimeControl "180+1"]
[EndTime "9:07:58 PDT"]
[Termination "flawian2008 won on time"]

1. e4 c6 2. d4 d5 3. Nc3 dxe4 4.
Nxe4 Bf5 5. Ng3 Bg6 6. Nh3 Nf6 7. Nf4 e5 8. dxe5 Qa5+ 9. Bd2 Qxe5+ 10. Be2 Nbd7 11.
Nxg6 hxg6 12. Bc3 Qe6 13. O-O O-O-O 14. Qd4 Bc5 15. Qc4 Qe7 16. Rae1 Nd5 17. Bf3 Qg5 18. b4 Rh4 19. Re4 Rdh8 20. bxc5 Rxh2 21. Bxg7 R8h7 22. Rg4 Qe7 23. Bxd5 f5 24. Rxg6 cxd5 25. Qf4 R2h4 26. Qxf5 Rxg7 27. Rxg7 Qxg7 28. Re1 Rd4 29. Qe6 Kc7 30.
Nf5 1-0

[Event "Early-Titled-Tuesday-Blitz-April-16-2024"]
[Site "Chess.com"]
[Date "2024.04.16"]
[Round "6"]
[White "bobo_panda"]
[Black "PositionalPanther"]
[Result "0-1"]
[WhiteElo "2351"]
[BlackElo "2524"]
[TimeControl "180+1"]
[EndTime "9:07:58 PDT"]
[Termination "PositionalPanther won on time"]

1. e4 a6 2. d4 c6 3. c4 e6 4.
Nc3 b5 5. Nf3 b4 6. Na4 d5 7.
exd5 cxd5 8. c5 Nd7 9. Bf4 Bb7 10. b3 Bc6 11. Nb2 a5 12. Bd3 Be7 13. O-O h5 14.
Qe2 g5 15. Bd6 Bxd6 16. cxd6 g4 17. Ne5 Nxe5 18. dxe5 Bd7 19. Rac1 f6 20. Rc7 fxe5 21. Bb5 Rh7 22. Rfc1 e4 23. Na4 Rb8 24. Bc6 Nf6 25. Nc5 Bxc6 26. Nxe6 Qxd6 27. R1xc6 Qe5 28. g3 Rxc7 29.
Nxc7+ Kd7 30. Rc1 Rb7 31. Qb2 Qxb2 0-1

[Event "Early-Titled-Tuesday-Blitz-April-16-2024"]
[Site "Chess.com"]
[Date "2024.04.16"]
[Round "6"]
[White "Maftuna2303"]
[Black "GlavkonVVS"]
[Result "0-1"]
[WhiteElo "2374"]
[BlackElo "2580"]
[TimeControl "180+1"]
[EndTime "9:07:59 PDT"]
[Termination "GlavkonVVS won on time"]

1. e4 c5 2. Nf3 d6 3. d4 cxd4 4. Nxd4 Nf6 5. Nc3 a6 6. h3 e5 7.
Nde2 h5 8. g3 Be6 9. Bg2 Nbd7 10. Be3 Qc7 11. a4 Rc8 12. O-O Be7 13. f4 O-O 14.
Rf2 b5 15. f5 Bc4 16. axb5 axb5 17. Nc1 b4 18. Nd5 Bxd5 19. exd5 Nb6 20. Nb3 Ra8 21. g4 Rxa1 22. Nxa1 hxg4 23. hxg4 Nc4 24. Bc1 Nh7 25. Nb3 Bg5 26. Bxg5 Nxg5 27. f6 gxf6 28. Rxf6 Kg7 29. Rf5 f6 30. Qc1 Qb6+ 31. Rf2 Rc8 32. Nd2 Ne3 33. c3 Nxg4 34. Qf1 bxc3 35. bxc3 Rxc3 36. Ne4 Nxe4 37. Bxe4 Rg3+ 38. Bg2 Qe3 0-1

[Event "Early-Titled-Tuesday-Blitz-April-16-2024"]
[Site "Chess.com"]
[Date "2024.04.16"]
[Round "6"]
[White "Kobalia"]
[Black "wonderfultime"]
[Result "1/2-1/2"]
[WhiteElo "2818"]
[BlackElo "2986"]
[TimeControl "180+1"]
[EndTime "9:08:00 PDT"]
[Termination "Game drawn by repetition"]

1. d4 d5 2. Nf3 Nf6 3. Bf4 c5 4. e3 Qb6 5. Nc3 Bd7 6. Rb1 e6 7. Ne5 Bd6 8. Bd3 cxd4 9. Nxd7 Nfxd7 10. Bxd6 Qxd6 11. exd4 Qb4 12. Qg4 O-O 13. O-O Nf6 14. Qh4 Nc6 15. Ne2 h6 16. c3 Qd6 17. Qf4 e5 18.
dxe5 Nxe5 19. Rbd1 Rfe8 20. Nd4 Qb6 21. Nf5 Ng6 22. Qg3 Ne4 23. Bxe4 dxe4 24. Rd6 Qxb2 25. Rxg6 fxg6 26. Qxg6 Qxc3 27. Nxh6+ Kh8 28. Nf7+ Kg8 29.
Nh6+ Kh8 30. Nf7+ Kg8 31. Nh6+ 1/2-1/2